 Dungeon Crawl Stone Soup version 0.29-a0-362-g5854e031c7 (webtiles) character file.

Game seed: 9660436083308730889

4489 thiscave3701365 the Carver (level 10, -4/78 HPs)
             Began as a Hill Orc Berserker on Apr 29, 2022.
             Was a Priest of Trog.
             Slain by a death yak (17 damage)
             ... on level 8 of the Dungeon.
             The game lasted 00:13:17 (10057 turns).

thiscave3701365 the Carver (Hill Orc Berserker)    Turns: 10057, Time: 00:13:18

Health: -4/78      AC: 15    Str: 25    XL:     10   Next: 38%
Magic:  10/10      EV:  7    Int:  7    God:    Trog [***...]
Gold:   286        SH:  0    Dex: 10    Spells: 9/9 levels left

rFire   . . .      SeeInvis .   j - +8 autumn katana {vorpal, manifold assault}
rCold   . . .      Faith    .   (no shield)
rNeg    . . .      Spirit   .   q - +0 plate armour
rPois   .          Reflect  .   (no helmet)
rElec   .          Harm     .   h - +2 cloak {Stlth+}
rCorr   .          Rampage  .   (no gloves)
Will    .....                   A - +0 pair of boots
Stlth   ..........              d - amulet of magic regeneration
HPRegen 0.23/turn               (no ring)
MPRegen 0.52/turn               (no ring)

@: about to teleport, on berserk cooldown, slowed, very slow
A: no striking features
a: Renounce Religion, Berserk, Trog's Hand


You were on level 8 of the Dungeon.
You worshipped Trog.
Trog was most pleased with you.
You visited 1 branch of the dungeon, and saw 8 of its levels.
You also visited: Ossuary.

You collected 1346 gold pieces.
You spent 1060 gold pieces at shops.

Inventory:

Hand Weapons
 j - the +8 autumn katana (weapon) {vorpal, manifold assault}
   (You bought it in a shop on level 3 of the Dungeon)

   It sometimes launches melee attacks against multiple visible enemies.
 r - a +2 war axe of venom
 B - the +8 spear of Moderation {drain, rN+ rCorr Str+4 Dex+4}
   (You found it on level 7 of the Dungeon)

   A truly terrible weapon, it drains the life of any living foe it strikes.
   Str:       It affects your strength (+4).
   Dex:       It affects your dexterity (+4).
   rN:        It protects you from negative energy.
   rCorr:     It protects you from acid and corrosion.
Armour
 h - a +2 cloak of stealth (worn)
 q - a +0 plate armour (worn)
 A - a +0 pair of boots (worn)
Jewellery
 d - an amulet of magic regeneration (around neck)
 i - a ring of poison resistance
Wands
 a - a wand of iceblast (15)
Scrolls
 b - 2 scrolls of noise
 g - a scroll of amnesia {unknown}
 k - 4 scrolls of immolation
 m - a scroll of teleportation
 y - 4 scrolls of vulnerability
Potions
 c - 5 potions of curing
 e - 4 potions of flight
 f - a potion of haste
 l - 2 potions of resistance
 n - 2 potions of heal wounds
 o - 2 potions of brilliance
 p - a potion of invisibility
 s - 4 potions of degeneration
 t - a potion of ambrosia {unknown}
 u - 2 potions of might
 v - a potion of cancellation {unknown}
 x - a potion of experience {unknown}
 z - a potion of attraction {unknown}


   Skills:
 - Level 3.8 Fighting
 + Level 13.0 Long Blades
 - Level 11.7 Axes
 - Level 2.4 Armour
 - Level 1.7 Dodging


You had 9 spell levels left.
You didn't know any spells.
Your spell library was empty.

Dungeon Overview and Level Annotations

Branches:
Dungeon (8/15)             Temple (0/1) D:6         Ossuary (visited)
   Lair: D:8-11

Altars:
Cheibriados
Dithmenos
Gozag
Makhleb
Nemelex Xobeh
Okawaru
Ru
Sif Muna
Trog
Uskayaw
Vehumet
Wu Jian

Shops:
D:1 (   D:3 (

Annotations:
D:4 1 runed translucent door, lunkers's ghost, amateur FoEE


Message History

A kobold comes into view. It is wielding a +0 short sword.
The orc warrior hits you with a +3 halberd!
You closely miss the orc warrior.
The orc warrior is almost dead.
The hell rat bites you but does no damage.
You slice the orc warrior!!
You kill the orc warrior!
Trog accepts your kill.
Your Long Blades skill increases to level 13!
A death yak comes into view.
You slice the hell rat!!
You kill the hell rat!
Trog accepts your kill.
You feel a strong urge to attack something.
You feel your anger nearly subside.
You are no longer berserk.
You are exhausted.
You feel yourself slow down. The death yak gores you!!
* * * LOW HITPOINT WARNING * * *
You slash the death yak!
The death yak is lightly wounded.
The death yak gores you.
* * * LOW HITPOINT WARNING * * *
You slash the death yak!
You slice through the folds of space itself!
You barely miss the death yak.
The death yak is lightly wounded.
You slash the death yak!
The death yak is moderately wounded.
The death yak barely misses you.
Okay, then.
As you read the scroll of teleportation, it crumbles to dust.
You feel strangely unstable.
The death yak gores you but does no damage. x2
The death yak attacks as you move away!
The death yak gores you but does no damage.
You slash the death yak!
The death yak is moderately wounded.
The death yak gores you!
You die...

##.###.....<# ##.#.####.##
##.## #.# #.# #.#+##### #.#
#.#..##.# #.# #.# #.##.##.#
#.# #.# #)##.##.#### ..# #.#
#.##........ #.# #@#
#.##...>.... .... #.# #Y#
#....##.#### .....
#.#######Y###########.# †.Y?#
##.r.r.Y.rrr...........#
rr.r###........r......########
.Y.##.r#..#####.####.#
#.#).###..# #.# #.#
#)†)#####..###.# #.#
#).###.###..##.# #.#


You could see 2 death yaks, 2 river rats, a quokka and a rat.

Vanquished Creatures
  A boulder beetle (D:7)
  A manticore (D:7)
  Joseph (D:7)
  Maggie (D:7)
  A wyvern (D:7)
  A steam dragon (D:6)
  4 water moccasins
  An ice beast (D:5)
  An orc warrior (D:8)
  A centaur (D:7)
  A necrophage (D:8)
  4 bullfrogs
  3 scorpions
  6 water moccasin zombies (Ossuary)
  4 wights (D:7)
  A howler monkey (D:6)
  2 hounds
  2 jellies
  3 orc priests
  A gnoll shaman (D:8)
  5 iguanas
  7 orc wizards
  Ijyb (D:4)
  A hell rat (D:8)
  2 mummies (Ossuary)
  5 gnolls (D:8)
  5 adders
  A river rat (D:8)
  2 white imps
  An ufetubus (D:4)
  9 adder zombies (Ossuary)
  4 worms
  2 dart slugs
  19 orcs
  9 ball pythons
  8 endoplasms
  3 gnoll zombies (Ossuary)
  5 hobgoblins
  8 jackals
  A quokka (D:3)
  7 bats
  5 frilled lizards
  5 goblins
  7 hobgoblin zombies (Ossuary)
  2 kobolds (D:1)
  3 kobold zombies (Ossuary)
  5 rats
172 creatures vanquished.

Notes
Turn   | Place    | Note
-------+----------+-------------------------------------------
     0 | D:1      | thiscave3701365 the Hill Orc Berserker began the quest for
                  | the Orb.
     0 | D:1      | Reached XP level 1. HP: 19/19 MP: 1/1
   180 | D:1      | Found Qesh's Antique Weapon Shoppe.
   192 | D:1      | Reached XP level 2. HP: 19/27 MP: 2/2
   609 | D:1      | Found a faded altar of an unknown god.
   804 | D:1      | Reached XP level 3. HP: 30/33 MP: 3/3
   806 | D:1      | Reached skill level 5 in Axes
  1836 | D:2      | Reached ** piety under Trog
  1838 | D:2      | Reached XP level 4. HP: 39/40 MP: 4/4
  2721 | D:3      | Found Makil's Antique Weapon Shop.
  2916 | D:3      | Reached XP level 5. HP: 46/46 MP: 5/5
  3058 | D:3      | Found a burning altar of Makhleb.
  3059 | D:3      | Noticed a green death
  3678 | D:3      | Found a shadowy altar of Dithmenos.
  4004 | D:4      | Found a radiant altar of Vehumet.
  4010 | D:4      | Reached XP level 6. HP: 51/52 MP: 6/6
  4126 | D:4      | Found a sand-covered staircase.
  4131 | Ossuary  | Entered an ossuary
  4272 | Ossuary  | Reached XP level 7. HP: 58/58 MP: 7/7
  4278 | Ossuary  | Reached skill level 10 in Axes
  4461 | Ossuary  | Reached *** piety under Trog
  4893 | D:4      | Found a runed translucent door.
  4896 | D:4      | Noticed lunkers's ghost (amateur FoEE)
  4981 | D:4      | Noticed Ijyb
  4989 | D:4      | Killed Ijyb
  5121 | D:4      | Found an opulent altar of Gozag.
  5290 | D:4      | Identified the +0 ring mail "Xaef" {Rampage Will++ Int-5}
  5487 | D:4      | Found an ornate altar of the Wu Jian Council.
  5805 | D:4      | Identified 2 scrolls of acquirement
  5805 | D:4      | Acquired a +2 cloak of stealth
  5813 | D:4      | Acquired 959 gold pieces
  5870 | D:3      | Bought the +8 autumn katana {vorpal, manifold assault} for
                  | 1060 gold pieces
  5870 | D:3      | Found the +8 autumn katana {vorpal, manifold assault}
  6366 | D:5      | Entered Level 5 of the Dungeon
  6388 | D:5      | Reached skill level 1 in Long Blades
  6388 | D:5      | Reached XP level 8. HP: 66/66 MP: 8/8
  6390 | D:5      | Reached skill level 2 in Long Blades
  6481 | D:5      | Reached skill level 3 in Long Blades
  6529 | D:5      | Reached skill level 4 in Long Blades
  6728 | D:5      | Found a sacrificial altar of Ru.
  6901 | D:5      | Found a bloodstained altar of Trog.
  6908 | D:5      | Found a snail-covered altar of Cheibriados.
  6911 | D:5      | Found a shimmering blue altar of Sif Muna.
  7072 | D:6      | Reached skill level 5 in Long Blades
  7192 | D:6      | Reached skill level 6 in Long Blades
  7294 | D:6      | Found a staircase to the Ecumenical Temple.
  7430 | D:6      | Reached skill level 7 in Long Blades
  7723 | D:7      | Noticed a boulder beetle
  7742 | D:7      | Killed a boulder beetle
  7743 | D:7      | Reached skill level 9 in Long Blades
  7743 | D:7      | Reached XP level 9. HP: 54/71 MP: 9/9
  8123 | D:7      | Noticed Maggie
  8137 | D:7      | Killed Maggie
  8138 | D:7      | Reached skill level 10 in Long Blades
  8592 | D:7      | Found an iron altar of Okawaru.
  8678 | D:7      | Found a hide-covered altar of Uskayaw.
  8806 | D:7      | Noticed a manticore
  8816 | D:7      | Killed a manticore
  8817 | D:7      | Reached skill level 11 in Long Blades
  8817 | D:7      | Reached XP level 10. HP: 55/78 MP: 10/10
  9199 | D:7      | Reached skill level 12 in Long Blades
  9278 | D:7      | Noticed Joseph
  9286 | D:7      | Killed Joseph
  9722 | D:7      | Identified the +8 spear of Moderation {drain, rN+ rCorr
                  | Str+4 Dex+4}
 10006 | D:8      | Found a sparkling altar of Nemelex Xobeh.
 10021 | D:8      | Noticed a death yak
 10026 | D:8      | Noticed a death yak
 10039 | D:8      | Reached skill level 13 in Long Blades
 10039 | D:8      | Noticed a death yak
 10057 | D:8      | Slain by a death yak

Illustrated notes

Levels and vault maps discovered:
D:1:      sevenhm_arrival_forest_fort_small_1, layout_basic, serial_shops, shop,
          shapermc_ecumenical_altar_starsandcircs, serial_co_window_serial,
          co_window_of_opportunity_a, co_window_paths_a, co_window_corner_a,
          co_window_corner_a, co_window_corner_a, co_window_broadway_a,
          co_window_unsneaky_path_d, co_window_broadway_c,
          co_window_of_opportunity_b, co_window_paths_d, glass_columns_a,
          glass_columns_a, corexii_item_surrounded_by_moat, minmay_bisected
D:2:      layout_basic, chequers_avenue, amcnicky_mini_rare_corridor_liquid,
          corner_web_ring, supply_closet_lemuel
D:3:      layout_loops_corners, grunt_dithmenos_smoke_and_mirrors,
          makhleb_altar_promises_db, serial_shops, shop, grunt_decor_resistance
D:4:      layout_loops_ring, mainiacjoe_overflow_boulevard,
          mainiacjoe_overflow_cross_hatched, lemuel_round_altar,
          hellmonk_ghost_happy_afterlife, nicolae_ossuary_entry_plus, uniq_ijyb
D:5:      layout_rooms, nicolae_ru_awakened_eye,
          minmay_overflow_temple_star_quad
D:6:      layout_gridville, minmay_temple_entry_grid
D:7:      layout_loops_ring, okawaru_ov_weapons_minmay,
          mainiacjoe_overflow_alcove_2, uniq_maggie, uniq_joseph
D:8:      layout_loops_ring, lemuel_doored_altar, lemuel_coloured_pillars_altar,
          nemelex_diamond_rough_becter, kiku_gazebo_garden_becter,
          dpeg_lair_monsters, st_stairs_1, kennysheep_pointless_box

Skill      XL: |  1  2  3  4  5  6  7  8  9 10 |
---------------+-------------------------------+-----
Axes           | 5 7 8 9 11 | 11.7
Long Blades    | 1 9 11 13 | 13.0
Fighting       | |  3.8
Armour         | |  2.4
Dodging        | |  1.7

Action                   |  1- 3 |  4- 6 |  7- 9 | 10-12 || total
-------------------------+-------+-------+-------+-------++-------
Melee: Hand axe          |    81 |    95 |       |       ||   176
       War axe           |       |    54 |   103 |       ||   157
       Punch             |       |     1 |     5 |       ||     6
       Katana            |       |       |   137 |    68 ||   205
Invok: Berserk           |     3 |     5 |    10 |     3 ||    21
  Use: Scroll            |       |       |    20 |     3 ||    23
Armor: Animal skin       |    18 |    12 |       |       ||    30
       Plate armour      |       |    80 |   116 |    19 ||   215
Dodge: Dodged            |    51 |    73 |    62 |    18 ||   204

Table legend: (Time is in decaauts)
 A = Elapsed time spent in this place.
 B = Non-inter-level travel time spent in this place.
 C = Inter-level travel time spent in this place.
 D = Time resting spent in this place.
 E = Time spent auto-exploring this place.
 F = Levels seen in this place.
 G = Mean time per level.
                   A        B        C        D        E       F      G
               +--------+--------+--------+--------+--------+-----+--------+
         Total |  10223 |   9423 |    800 |   2540 |   5785 |   9 | 1135.9 |
       Dungeon |   9524 |   8724 |    800 |   2150 |   5588 |   8 | 1190.5 |
       Ossuary |    699 |    699 |      0 |    389 |    197 |   1 |  699.0 |
               +--------+--------+--------+--------+--------+-----+--------+

Top non-repeatable levels by time:
     D:7: 2071 daAuts
     D:1: 1912 daAuts
     D:3: 1392 daAuts
     D:4: 1338 daAuts
     D:2: 1149 daAuts
     D:6: 718 daAuts
 Ossuary: 699 daAuts
     D:5: 644 daAuts
     D:8: 298 daAuts
